 Dungeon Crawl Stone Soup version 0.29.0-4-gdea44cf6ec (webtiles) character file.

Game seed: 4671581644211484334

126 qw the Ruffian (level 5, -1/41 HPs)
             Began as a Ghoul Fire Elementalist on Aug 29, 2022.
             Slain by a mummy (12 damage)
             ... in an ossuary.
             The game lasted 00:02:21 (3545 turns).

qw the Ruffian (Ghoul Fire Elementalist)            Turns: 3545, Time: 00:02:21

Health: -1/41      AC:  9    Str: 13 (14) XL:     5   Next: 9%
Magic:  6/6        EV:  5    Int:  8 (10) God:
Gold:   148        SH:  0    Dex:  6 (9)  Spells: 6/7 levels left

rFire   . . .      SeeInvis .     - Unarmed
rCold   + . .      Faith    .   (no shield)
rNeg    + + +      Spirit   .   d - +0 chain mail
rPois   inf        Reflect  .   (no helmet)
rElec   .          Harm     .   c - +0 cloak
rCorr   .          Rampage  .   (no gloves)
Will    .....                   (no boots)
Stlth   ..........              (no amulet)
HPRegen 0.00/turn               (no ring)
MPRegen 0.10/turn               (no ring)

@: inhibited regen
A: claws 1, cold resistance 1, negative energy resistance 3, inhibited
regeneration, torment resistance 2, devour on kill
a: no special abilities


You were in an ossuary.
You visited 1 branch of the dungeon, and saw 4 of its levels.
You also visited: Ossuary.

You collected 148 gold pieces.


Innate Abilities, Weirdness & Mutations

You are immune to poison.
You have sharp fingernails.
Your flesh is cold resistant. (rC+)
You are immune to negative energy. (rN+++)
You do not regenerate when monsters are visible.
You are immune to unholy pain and torment.
You thrive by killing the living.


   Skills:
 - Level 2.1 Fighting
 - Level 1.0 Armour
 - Level 1.7 Dodging
 - Level 2.1 Stealth
 + Level 4.0 Unarmed Combat
 - Level 1.7 Spellcasting
 - Level 0.7 Conjurations
 - Level 2.4 Fire Magic


You had 6 spell levels left.
You knew the following spells:

 Your Spells              Type           Power      Damage    Failure   Level
a - Foxfire               Conj/Fire      12%        2x1d4     100%        1

Your spell library contained the following spells:

 Spells                   Type           Power      Damage    Failure   Level
 Scorch                   Fire           8%         2d5       100%        2
 Conjure Flame            Conj/Fire      3%         6-21      100%        3
 Inner Flame              Hex/Fire       2%         N/A       100%        3
 Flame Wave               Conj/Fire      3%         2d5       100%        4

Inventory:

Missiles
 k - a boomerang (quivered)
Armour
 c - a +0 cloak (worn)
 d - a +0 chain mail (worn)
Scrolls
 b - a scroll of identify
Potions
 a - a potion of might {unknown}
 h - a potion of invisibility {unknown}

Dungeon Overview and Level Annotations

Branches:
Dungeon (4/15)            Ossuary (1/1)
 Temple: D:4-7

Altars:
Ru

Shops:
D:3 (


Message History

The world spins around you as you enter the gateway.
You enter an ossuary!
Found a gate leading back out of this place.
There is an empty arch of ancient stone here.
You open the door.
There is an open door here.
Something unseen opens the door.
You sense a monster nearby.
Something unseen opens the door.
A mummy comes into view.
You barely miss the mummy. You scratch the mummy.
The mummy is lightly damaged.
A mummy comes into view.
The mummy hits you but does no damage.
A mummy comes into view.
You scratch the mummy.
The mummy is moderately damaged.
You scratch the mummy.
The mummy is heavily damaged.
The mummy hits you but does no damage.
You claw the mummy!
You destroy the mummy!
Your Fighting skill increases to level 2!
You have reached level 5!
You feel stronger.
You claw the mummy!
The mummy is moderately damaged.
The mummy hits you!
You scratch the mummy.
The mummy is severely damaged.
A mummy comes into view.
You scratch the mummy.
The mummy is almost destroyed.
The mummy hits you! x2
You scratch the mummy.
The mummy is almost destroyed.
You scratch the mummy but do no damage.
The mummy is almost destroyed.
The mummy hits you!
You die...

### #.# #
#'#+#'#'#+#+#
+.M.M@M..M...
#.##'##+##+##
#...# #.\.#
#..\# #####


You could see 4 mummies.

Vanquished Creatures
  2 mummies
  2 adders
  A white imp (D:3)
  A worm (D:3)
  A dart slug (D:1)
  2 orcs (D:3)
  2 bats (D:2)
  8 endoplasms
  4 giant cockroaches
  6 goblins
  3 hobgoblins
  12 jackals
  3 kobolds
  4 quokkas
  6 ball pythons
  A frilled lizard (D:3)
  A rat (D:1)
59 creatures vanquished.

Vanquished Creatures (others)
  2 withered plants (Ossuary)
2 creatures vanquished.

Grand Total: 61 creatures vanquished

Notes
Turn   | Place    | Note
-------+----------+-------------------------------------------
     0 | D:1      | qw the Ghoul Fire Elementalist began the quest for the Orb.
     0 | D:1      | Reached XP level 1. HP: 14/14 MP: 2/2
     0 | D:1      | 0 ||| qw: Version: 0.1-a-90-g952f4b7
     0 | D:1      | 0 ||| qw: Game counter: 4184
     0 | D:1      | 0 ||| qw: Always use a shield: true
     0 | D:1      | 0 ||| qw: God list: Okawaru
     0 | D:1      | 0 ||| qw: Allow faded altars: false
     0 | D:1      | 0 ||| qw: Do Orc after D:15 true
     0 | D:1      | 0 ||| qw: Do second Lair branch before Depths: true
     0 | D:1      | 0 ||| qw: Lair rune preference: random
     0 | D:1      | 0 ||| qw: Plans: Normal
     0 | D:1      | 0 ||| PLANNING D:1-11
    30 | D:1      | HP: 2/14 [kobold/+0 dagger (2)]
   331 | D:1      | Found a faded altar of an unknown god.
   362 | D:1      | Reached skill level 1 in Unarmed Combat
   425 | D:1      | Reached skill level 1 in Fighting
   425 | D:1      | Reached XP level 2. HP: 23/23 MP: 3/3
   485 | D:1      | 485 ||| Stepping ~*~*~tactically~*~*~ (stealth).
   492 | D:1      | 492 ||| Stepping ~*~*~tactically~*~*~ (stealth).
   494 | D:1      | 494 ||| Stepping ~*~*~tactically~*~*~ (stealth).
   495 | D:1      | 495 ||| Stepping ~*~*~tactically~*~*~ (stealth).
   497 | D:1      | 497 ||| Stepping ~*~*~tactically~*~*~ (stealth).
   499 | D:1      | 499 ||| Stepping ~*~*~tactically~*~*~ (stealth).
   506 | D:1      | 506 ||| Stepping ~*~*~tactically~*~*~ (stealth).
   507 | D:1      | 507 ||| Stepping ~*~*~tactically~*~*~ (stealth).
   509 | D:1      | 509 ||| Stepping ~*~*~tactically~*~*~ (stealth).
   511 | D:1      | 511 ||| Stepping ~*~*~tactically~*~*~ (stealth).
   513 | D:1      | 513 ||| Stepping ~*~*~tactically~*~*~ (stealth).
   544 | D:1      | 544 ||| Stepping ~*~*~tactically~*~*~ (stealth).
   546 | D:1      | 546 ||| Stepping ~*~*~tactically~*~*~ (stealth).
   548 | D:1      | 548 ||| Stepping ~*~*~tactically~*~*~ (stealth).
   561 | D:1      | 561 ||| Stepping ~*~*~tactically~*~*~ (outnumbered).
   568 | D:1      | Reached skill level 2 in Unarmed Combat
   781 | D:1      | Reached XP level 3. HP: 22/28 MP: 4/4
  1315 | D:1      | 1315 ||| Stepping ~*~*~tactically~*~*~ (outnumbered).
  1446 | D:1      | 1446 ||| UPGRADING to +0 cloak.
  1451 | D:1      | 1451 ||| DROPPING amulet of faith.
  1452 | D:1      | 1452 ||| READING scroll labelled KUGULE HIEVUTI.
  1453 | D:1      | 1453 ||| READING scroll labelled ZOGOGI JOGHIG.
  1454 | D:1      | 1454 ||| DRINKING 2 fuming purple potions.
  1455 | D:1      | 1455 ||| DRINKING 2 bubbling amethyst potions.
  1456 | D:1      | 1456 ||| DROPPING potion of magic.
  1457 | D:1      | 1457 ||| DROPPING potion of attraction.
  1520 | D:2      | Reached skill level 3 in Unarmed Combat
  2155 | D:2      | 2155 ||| UPGRADING to +0 ring mail.
  2165 | D:2      | 2165 ||| DROPPING +0 robe.
  2166 | D:2      | 2166 ||| UPGRADING to +0 chain mail.
  2176 | D:2      | 2176 ||| DROPPING +0 ring mail.
  2177 | D:2      | 2177 ||| READING scroll labelled MOURUX YTZOEN.
  2220 | D:3      | Found Ceaq's Antique Weapon Emporium.
  2321 | D:3      | Reached XP level 4. HP: 25/35 MP: 5/5
  2501 | D:3      | Found a sacrificial altar of Ru.
  2514 | D:3      | Reached skill level 1 in Armour
  3299 | D:3      | 3299 ||| READING scroll labelled LIKLOA ASHRUUBA.
  3300 | D:3      | 3300 ||| READING 2 scrolls labelled GOPATHRI QESI.
  3303 | D:3      | 3303 ||| READING 2 scrolls labelled OCKYVO XEXUBO.
  3320 | D:4      | 3320 ||| PLANNING OSSUARY
  3354 | D:4      | Found a sand-covered staircase.
  3370 | D:4      | HP: 3/35 [mummy (8)]
  3371 | D:4      | 3371 ||| READING scroll of teleportation.
  3372 | D:4      | 3372 ||| DRINKING potion of heal wounds.
  3374 | D:4      | Reached skill level 4 in Unarmed Combat
  3448 | D:4      | 3448 ||| READING scroll labelled QONUURR TOILI.
  3449 | D:4      | 3449 ||| DRINKING 2 blue potions.
  3450 | D:4      | 3450 ||| DROPPING potion of degeneration.
  3460 | D:4      | 3460 ||| Stepping ~*~*~tactically~*~*~ (stealth).
  3490 | D:4      | 3490 ||| FLEEEEING.
  3530 | Ossuary  | Entered an ossuary
  3541 | Ossuary  | Reached XP level 5. HP: 41/41 MP: 6/6
  3545 | Ossuary  | Slain by a mummy

Levels and vault maps discovered:
D:1:      minmay_arrival_plants_in_alcoves, layout_basic,
          chequers_ecumenical_altar_twisty
D:2:      layout_rooms
D:3:      layout_loops_corners, lemuel_crystal_altar, serial_shops, shop
D:4:      minmay_octagon_keep, layout_rooms, ashenzari_altar_1,
          mainiacjoe_overflow_small_starburst, gup_ossuary_entry_pyramid,
          minmay_fractal_squares_gapless_5
Ossuary:  ossuary_zaba_flooded

Skill      XL: |  1  2  3  4 |
---------------+-------------+-----
Unarmed Combat | 1 2 3 4 |  4.0
Fighting       | 1 2 |  2.1
Armour         | 1 |  1.0
Dodging        | |  1.7
Stealth        | |  2.1
Spellcasting   | |  1.7
Conjurations   | |  0.7
Fire Magic     | |  2.4

Action                   |  1- 3 |  4- 6 || total
-------------------------+-------+-------++-------
Melee: Unarmed           |   143 |    82 ||   225
Throw: Boomerang         |    15 |    23 ||    38
  Use: Scroll            |     3 |     5 ||     8
       Potion            |     2 |     2 ||     4
 Stab: Distracted        |     1 |       ||     1
Armor: Robe              |    21 |       ||    21
       Chain mail        |     7 |    31 ||    38
Dodge: Dodged            |    67 |    18 ||    85

Table legend:
 A = Non-vault XP
 B = Vault XP
 C = Vault XP percentage of total XP
 D = Non-vault monster count
 E = Vault monster count
 F = Vault count percentage of total count
                 A         B        C        D         E       F
            +---------+---------+-------+---------+---------+-------
      Total |     143 |      37 |  20.6 |      57 |       2 |   3.4
            +---------+---------+-------+---------+---------+-------
        D:1 |      47 |       0 |   0.0 |      24 |       0 |   0.0
        D:2 |      27 |       0 |   0.0 |       9 |       0 |   0.0
        D:3 |      46 |       0 |   0.0 |      18 |       0 |   0.0
        D:4 |      23 |      21 |  47.7 |       6 |       1 |  14.3
    Ossuary |       0 |      16 | 100.0 |       0 |       1 | 100.0
            +---------+---------+-------+---------+---------+-------
